General information
- name: BNet
- type: Ladder team game (AT/RT)
- host: Battle.net
- saver: BEAR_AND
map: ExcavationSite
- players: 4
- length: 30:04
- speed: Fast
- version: 1.26 W3XP
- replay type:

» download(146 KB)
Players
team 1 (loser)

»
infamousgiraffe (
blue | 57 APM | 1706 actions | 30:01)
4 Tauren Chieftain
2 War Stomp
2 Endurance Aura
3 Shadow Hunter
1 Hex
2 Healing Wave
» actions
| Assign group hotkey | 23 | |
| Basic commands | 170 | |
| Build / train | 64 | |
| ESC pressed | 4 | |
| Enter build submenu | 43 | |
| Enter hero's abilities submenu | 8 | |
| Give item / drop item | 1 | |
| Right click | 492 | |
| Select / deselect | 283 | |
| Select group hotkey | 504 | |
| Use ability | 114 | |
1706 total
» units
| Peon | 19 | |
| Grunt | 4 | |
| Demolisher | 5 | |
| Raider | 6 | |
| Troll Headhunter/Berserker | 2 | |
| Troll Witch Doctor | 1 | |
37 total
» upgrades
| Ensnare | 1 | |
| Burning Oil | 1 | |
| Armor | 1 | |
| Reinforced Defenses | 1 | |
4 total
» buildings
| Altar of Storms | 1 | |
| Orc Burrow | 5 | |
| Barracks | 1 | |
| Voodoo Lounge | 1 | |
| Stronghold | 1 | |
| War Mill | 1 | |
| Beastiary | 1 | |
| Fortress | 1 | |
| Spirit Lodge | 1 | |
| Watch Tower | 20 | |
| Great Hall | 1 | |
| Tree of Life | 2 | |
36 total
» build order
00:12 Altar of Storms
00:22 Orc Burrow
00:52 Barracks
01:33 Orc Burrow
01:49 Voodoo Lounge
03:22 Stronghold
04:26 Orc Burrow
04:28 War Mill
05:36 Orc Burrow
06:02 Beastiary
08:09 Fortress
11:26 Spirit Lodge
11:28 Watch Tower
11:31 Watch Tower
11:32 Watch Tower
11:33 Watch Tower
11:34 Watch Tower
11:35 Watch Tower
11:44 Great Hall
13:38 Watch Tower
14:02 Watch Tower
14:40 Watch Tower
15:35 Watch Tower
16:02 Watch Tower
16:12 Tree of Life
16:32 Watch Tower
19:29 Orc Burrow
20:59 Tree of Life
21:50 Watch Tower
24:04 Watch Tower
24:07 Watch Tower
24:10 Watch Tower
24:11 Watch Tower
24:12 Watch Tower
24:13 Watch Tower
24:15 Watch Tower
» items
| Healing Salve | 3 | |
| Lesser Clarity Potion | 4 | |
| Potion of Healing | 2 | |
| Orb of Lightning | 1 | |
10 total
mcnastyzzz (
green | 48 APM | 748 actions | 15:33)
3 Keeper of the Grove
2 Entangling Roots
1 Thorns Aura
» actions
| Assign group hotkey | 22 | |
| Basic commands | 53 | |
| Build / train | 45 | |
| Enter build submenu | 13 | |
| Enter hero's abilities submenu | 3 | |
| Remove unit from queue | 1 | |
| Right click | 276 | |
| Select / deselect | 196 | |
| Select group hotkey | 101 | |
| Use ability | 38 | |
748 total
» units
| Wisp | 12 | |
| Huntress | 8 | |
| Glaive Thrower | 10 | |
| Archer | 4 | |
34 total
» upgrades
| Strength of the Moon | 2 | |
| Vorpal Blades | 1 | |
| Sentinel | 1 | |
4 total
» buildings
| Altar of Elders | 2 | |
| Moon Well | 5 | |
| Hunter's Hall | 1 | |
| Ancient of War | 2 | |
| Ancient of Wonders | 1 | |
| Tree of Life | 1 | |
| Tree of Ages | 1 | |
| Tree of Eternity | 1 | |
14 total
» build order
00:02 Altar of Elders
00:05 Altar of Elders
00:26 Moon Well
01:40 Hunter's Hall
01:48 Ancient of War
01:59 Ancient of Wonders
02:07 Moon Well
03:48 Tree of Life
03:53 Moon Well
03:56 Moon Well
04:13 Ancient of War
04:35 Tree of Ages
05:22 Moon Well
07:53 Tree of Eternity
team 2 (winner)
BEAR_AND (
orange | 114 APM | 3414 actions | 30:04)
5 Archmage
3 Blizzard
2 Brilliance Aura
3 Mountain King
2 Storm Bolt
1 Bash
2 Paladin
1 Holy Light
1 Divine Shield
» actions
| Assign group hotkey | 10 | |
| Basic commands | 10 | |
| Build / train | 108 | |
| Enter build submenu | 44 | |
| Enter hero's abilities submenu | 10 | |
| Give item / drop item | 8 | |
| Right click | 2245 | |
| Select / deselect | 520 | |
| Select group hotkey | 219 | |
| Use ability | 239 | |
3414 total
» units
| Peasant | 27 | |
| Dragonhawk Rider | 2 | |
| Gryphon Rider | 1 | |
30 total
» upgrades
| Masonry | 2 | |
| Lumber Harvesting | 1 | |
| Armor | 1 | |
| Cloud | 1 | |
| Storm Hammers | 1 | |
| Swords | 1 | |
7 total
» buildings
| Altar of Kings | 1 | |
| Farm | 15 | |
| Lumber Mill | 1 | |
| Scout Tower | 42 | |
| Arcane Vault | 1 | |
| Arcane Tower | 3 | |
| Guard Tower | 17 | |
| Keep | 2 | |
| Castle | 4 | |
| Arcane Sanctum | 1 | |
| Town Hall | 2 | |
| Gryphon Aviary | 2 | |
| Blacksmith | 1 | |
| Barracks | 1 | |
93 total
» build order
00:08 Altar of Kings
00:18 Farm
00:35 Lumber Mill
00:55 Farm
01:13 Scout Tower
01:17 Scout Tower
01:29 Scout Tower
01:38 Arcane Vault
01:45 Arcane Tower
02:17 Guard Tower
02:19 Scout Tower
02:46 Guard Tower
02:53 Scout Tower
02:54 Scout Tower
03:45 Keep
03:53 Scout Tower
03:56 Scout Tower
04:14 Scout Tower
04:22 Guard Tower
04:47 Guard Tower
04:50 Scout Tower
04:52 Scout Tower
04:53 Scout Tower
04:54 Scout Tower
05:16 Farm
05:17 Farm
05:18 Farm
05:19 Farm
05:29 Arcane Tower
05:29 Guard Tower
06:39 Guard Tower
06:56 Scout Tower
06:58 Scout Tower
06:59 Scout Tower
07:39 Guard Tower
07:50 Castle
07:50 Castle
07:51 Castle
08:03 Guard Tower
11:50 Guard Tower
11:51 Scout Tower
11:52 Scout Tower
11:53 Scout Tower
11:53 Scout Tower
11:54 Scout Tower
11:56 Scout Tower
11:57 Scout Tower
11:57 Scout Tower
11:57 Scout Tower
12:02 Arcane Sanctum
13:13 Town Hall
13:16 Scout Tower
13:17 Scout Tower
13:18 Scout Tower
13:18 Scout Tower
13:19 Scout Tower
13:19 Scout Tower
13:45 Guard Tower
15:29 Farm
15:30 Farm
18:01 Guard Tower
18:01 Guard Tower
19:47 Guard Tower
19:49 Scout Tower
19:50 Scout Tower
19:51 Scout Tower
19:52 Scout Tower
19:53 Scout Tower
20:25 Scout Tower
20:25 Scout Tower
20:26 Scout Tower
20:27 Scout Tower
20:27 Scout Tower
20:28 Scout Tower
21:00 Guard Tower
21:53 Guard Tower
21:55 Gryphon Aviary
21:56 Gryphon Aviary
21:58 Blacksmith
21:59 Barracks
22:07 Farm
22:08 Farm
22:09 Farm
22:41 Guard Tower
24:09 Guard Tower
24:12 Farm
24:13 Farm
24:13 Farm
24:14 Farm
26:21 Town Hall
» items
| Scroll of Regeneration | 4 | |
| Boots of Speed | 4 | |
| Staff of Teleportation | 3 | |
| Healing Salve | 4 | |
| Lesser Clarity Potion | 7 | |
| Staff of Sanctuary | 2 | |
| Orb of Lightning | 2 | |
| Potion of Healing | 1 | |
| Mechanical Critter | 1 | |
28 total
CowboyTimg (
pink | 99 APM | 2961 actions | 30:01)
5 Blademaster
3 Wind Walk
2 Critical Strike
» actions
| Assign group hotkey | 21 | |
| Basic commands | 34 | |
| Build / train | 52 | |
| ESC pressed | 3 | |
| Enter build submenu | 51 | |
| Enter hero's abilities submenu | 5 | |
| Give item / drop item | 4 | |
| Right click | 1883 | |
| Select / deselect | 254 | |
| Select group hotkey | 527 | |
| Use ability | 127 | |
2961 total
» units
| Peon | 14 | |
| Troll Batrider | 6 | |
| Demolisher | 2 | |
22 total
» upgrades
| Liquid Fire | 1 | |
| Ranged Weapons | 3 | |
| Armor | 2 | |
| Burning Oil | 1 | |
7 total
» buildings
| Altar of Storms | 2 | |
| Orc Burrow | 3 | |
| War Mill | 2 | |
| Voodoo Lounge | 2 | |
| Watch Tower | 32 | |
| Stronghold | 1 | |
| Beastiary | 2 | |
| Fortress | 4 | |
| Great Hall | 1 | |
| Barracks | 3 | |
52 total
» build order
00:04 Altar of Storms
00:12 Orc Burrow
01:01 War Mill
01:05 Voodoo Lounge
02:16 Watch Tower
02:27 Watch Tower
02:58 Stronghold
03:13 Watch Tower
03:23 Watch Tower
03:52 Voodoo Lounge
04:22 Watch Tower
04:38 Orc Burrow
04:39 Orc Burrow
04:41 Watch Tower
05:08 Watch Tower
05:55 Beastiary
06:18 Fortress
06:18 Fortress
06:18 Fortress
06:48 Beastiary
07:53 Watch Tower
07:57 Watch Tower
09:02 Watch Tower
09:07 Watch Tower
09:07 Watch Tower
11:52 Watch Tower
11:52 Watch Tower
12:04 War Mill
14:03 Watch Tower
14:03 Watch Tower
14:06 Watch Tower
14:06 Watch Tower
15:28 Watch Tower
15:28 Watch Tower
15:29 Watch Tower
15:30 Watch Tower
17:41 Altar of Storms
17:49 Great Hall
17:51 Watch Tower
17:52 Watch Tower
17:53 Watch Tower
17:53 Watch Tower
18:15 Watch Tower
18:24 Watch Tower
18:57 Watch Tower
19:15 Watch Tower
19:21 Watch Tower
19:48 Watch Tower
24:39 Barracks
24:40 Barracks
24:42 Barracks
» items
| Healing Salve | 2 | |
| Lesser Clarity Potion | 3 | |
| Scroll of Speed | 1 | |
| Staff of Teleportation | 1 | |
| Boots of Speed | 1 | |
| Orb of Lightning | 1 | |
| Potion of Healing | 2 | |
| Potion of Mana | 1 | |
12 total
Chat log
(00:15 / All) CowboyTimg: yeehawww
(00:19 / All) BEAR_AND: howdy all
(00:26 / All) CowboyTimg: are yall ready for some rootin tootin tier 1 shootin hot shot micro??
(00:32 / All) mcnastyzzz: dbl butt raper
(00:38 / All) BEAR_AND: hi all
(00:40 / All) BEAR_AND: where u from?
(00:46 / All) mcnastyzzz: butt raperville
(00:50 / All) BEAR_AND: rude...
(00:52 / All) CowboyTimg: yeeehawww
(13:19 / All) CowboyTimg: hey
(13:21 / All) CowboyTimg: remember me
(13:23 / All) CowboyTimg: bornintheusa
(13:25 / All) CowboyTimg: timg4strok
(13:28 / All) CowboyTimg: dourememberme
(13:31 / All) CowboyTimg: dourememberus
(13:42 / All) CowboyTimg: how many names i got??? almost as many as the times i beat u. . . .
(13:43 / All) infamousgiraffe: nope
(13:45 / All) infamousgiraffe: dont care
(13:49 / All) infamousgiraffe: gj your fags we know
(15:23 / All) CowboyTimg: cya
(15:35 / All) CowboyTimg: cya
(16:50 / All) BEAR_AND: LOL
(16:52 / All) BEAR_AND: http://highper.ch/
(16:54 / All) BEAR_AND: clan towa #1
(17:00 / All) BEAR_AND: this will make our fourth? fifth? against you
(19:06 / All) BEAR_AND: i made 0 units
(19:07 / All) BEAR_AND: do you like???
(19:13 / All) infamousgiraffe: i'm so impressed
(19:23 / All) BEAR_AND: run
(19:24 / All) BEAR_AND: home
(19:25 / All) BEAR_AND: go
(19:26 / All) BEAR_AND: leave
(19:29 / All) BEAR_AND: bye
(19:33 / All) CowboyTimg: yeeeehaw
(21:06 / All) BEAR_AND: LOLOL
(21:11 / All) infamousgiraffe: HAHAHAHAHAHAAHA
(21:15 / All) infamousgiraffe: your really funny!!
(21:17 / All) BEAR_AND: angry laugh, hehe
(21:19 / All) BEAR_AND: "you're"
(21:19 / All) CowboyTimg: tee hee
(21:20 / All) infamousgiraffe: nah
(21:30 / All) infamousgiraffe: you guys dont make me mad anymore, i just like to waste your time now too
(21:33 / All) BEAR_AND: lol
(21:37 / All) BEAR_AND: but we're winning
(21:40 / All) BEAR_AND: and owning some shit tards
(21:41 / All) infamousgiraffe: no
(21:42 / All) CowboyTimg: im playing 1 hand., u know what i do with other
(21:43 / All) BEAR_AND: how is that a waste
(21:45 / All) infamousgiraffe: i have tower too
(21:46 / All) infamousgiraffe: !
(21:49 / All) BEAR_AND: ok?
(21:52 / All) CowboyTimg: lets just say i got a sick fetish and making towers turns me on...
(23:57 / All) infamousgiraffe: gg yo uguys are my heros!!
(23:59 / All) BEAR_AND: lmao
(24:01 / All) BEAR_AND: clan towa #1
(24:04 / All) CowboyTimg: yeeehawww my dick is so hard
(25:09 / All) infamousgiraffe: afk goodnight
(25:14 / All) CowboyTimg: bye!!!
(25:18 / All) BEAR_AND: Peace
(25:21 / All) infamousgiraffe: beat all the towers and find all the burrows